 Dungeon Crawl Stone Soup version 0.28.0-53-g5a82cb258f (webtiles) character file.

Game seed: 7302869786187197983

986 styxcanada the Covert (level 7, -5/36 HPs)
             Began as a Spriggan Brigand on July 31, 2022.
             Killed from afar by an orc wizard (6 damage)
             ... with a magic dart
             ... on level 5 of the Dungeon.
             The game lasted 00:18:55 (5406 turns).

styxcanada the Covert (Spriggan Brigand)            Turns: 5406, Time: 00:18:56

Health: -5/36      AC:  4    Str: 13    XL:     7   Next: 97%
Magic:  8/13       EV: 19    Int: 13    God:
Gold:   226        SH:  0    Dex: 18    Spells: 9/12 levels left

rFire   . . .      SeeInvis +   a - +3 dagger
rCold   . . .      Faith    .   (no shield)
rNeg    . . .      Spirit   .   b - +0 robe
rPois   .          Reflect  +   (helmet restricted)
rElec   .          Harm     .   c - +1 cloak
rCorr   .          Rampage  .   (gloves unavailable)
Will    +....                   (boots unavailable)
Stlth   ++........              f - amulet of reflection
HPRegen 0.12/turn               h - +6 ring of strength
MPRegen 0.13/turn               (no ring)

@: confused, very quick
A: very small, no large weapons, unfitting armour, see invisible, speed 3
a: no special abilities


You were on level 5 of the Dungeon.
You visited 1 branch of the dungeon, and saw 5 of its levels.

You collected 226 gold pieces.

Inventory:

Hand Weapons
 a - a +3 dagger (weapon)
 i - a +0 hunting sling
 v - a +1 dagger of freezing
Missiles
 e - 2 curare-tipped darts
 j - 172 stones
 r - 2 poisoned darts (quivered)
Armour
 b - a +0 robe (worn)
 c - a +1 cloak (worn)
Magical Staves
 s - a staff of conjuration
Jewellery
 f - an amulet of reflection (around neck)
 h - a +6 ring of strength (left hand)
Wands
 d - a wand of flame (19)
Scrolls
 g - a scroll of magic mapping
 l - a scroll of teleportation
 n - a scroll of immolation
Potions
 k - 2 potions of heal wounds {unknown}
 m - a potion of might {unknown}
 o - a potion of magic {unknown}
 p - 2 potions of curing {unknown}
 q - a potion of ambrosia {unknown}
 t - 2 potions of mutation {unknown}
 u - a potion of lignification {unknown}


   Skills:
 * Level 3.0 Fighting
 + Level 3.7 Short Blades
 + Level 0.1 Staves
 + Level 3.1 Throwing
 * Level 4.8 Dodging
 * Level 9.9 Stealth
 + Level 0.3 Shields
 * Level 3.4 Spellcasting
 * Level 1.8 Conjurations


You had 9 spell levels left.
You knew the following spells:

 Your Spells              Type           Power      Damage    Failure   Level
a - Magic Dart            Conj           28%        1d4       11%         1
b - Searing Ray           Conj           14%        2d5       16%         2

Your spell library contained the following spells:

 Spells                   Type           Power      Damage    Failure   Level
 Gell's Gravitas          Tloc           2%         N/A       54%         3
 Lesser Beckoning         Tloc           2%         N/A       54%         3
 Teleport Other           Tloc           2%         N/A       54%         3
 Fulminant Prism          Conj/Hex       2%         3d6       83%         4


Dungeon Overview and Level Annotations

Branches:
Dungeon (5/15)
 Temple: D:4-7

Altars:
Kikubaaqudgha


Innate Abilities, Weirdness & Mutations

You are very small and have problems with some larger weapons.
You are too small for most types of armour.
You have supernaturally acute eyesight. (SInv)
You cover ground extremely quickly. (Speed+++)


Message History

The orc priest is severely wounded.
The searing ray hits the orc!
You kill the orc!
The searing ray hits the orc.
The orc is heavily wounded. (Press . to maintain the ray.)
The searing ray hits the orc priest but does no damage.
The orc priest is severely wounded.
The searing ray hits the orc.
You kill the orc!
The orc priest mumbles some strange prayers to Beogh against you.
Beogh smites you!
* * * LOW HITPOINT WARNING * * *
The searing ray hits the orc priest.
The orc priest is almost dead.
The orc priest hits you but does no damage.
Unknown command.
The searing ray hits the orc priest.
You kill the orc priest!
You finish channelling your searing ray.
A quokka comes into view.
An orc wizard comes into view. It is wielding a +0 dagger.
Unknown command.
You completely miss the quokka. The quokka bites you.
* * * LOW HITPOINT WARNING * * *
You hit the quokka.
The quokka is severely wounded.
The quokka barely misses you.
The orc wizard points at you and mumbles some strange words.
You are confused.
You bump into the rock wall.
The quokka twitches its whiskers.
The quokka closely misses you.
You bump into the rock wall.
The quokka bites you but does no damage.
The quokka completely misses you.
You bump into the rock wall.
The orc wizard casts a spell at you. The magic dart hits you.
You die...

## .. #. #
#..##########.#
#.....r@.)o)((#
##..#.#########
#..#.# #..#.#
#..#.# #..#.#
#..#.#
##.####..#.# #
...........#######
.


You could see an orc wizard and a quokka.

Vanquished Creatures
  Grinder (D:3)
  A necrophage (D:4)
  An ogre (D:3)
  A centaur (D:4)
  A scorpion (D:4)
  3 hounds (D:4)
  2 orc priests (D:5)
  2 orc wizards
  Natasha (thrice) (D:2)
  A killer bee zombie (D:4)
  A hound skeleton (D:4)
  3 gnolls
  5 adders
  An ufetubus (D:4)
  2 worms (D:4)
  4 dart slugs
  8 orcs
  3 ball pythons
  3 bats (D:1)
  6 endoplasms
  3 giant cockroaches
  7 goblins
  4 hobgoblins
  5 jackals
  3 quokkas
  2 frilled lizards
  6 kobolds
  3 rats
85 creatures vanquished.

Notes
Turn   | Place    | Note
-------+----------+-------------------------------------------
     0 | D:1      | styxcanada the Spriggan Brigand began the quest for the
                  | Orb.
     0 | D:1      | Reached XP level 1. HP: 10/10 MP: 2/2
    69 | D:1      | Reached skill level 6 in Stealth
   347 | D:1      | Found a faded altar of an unknown god.
   450 | D:1      | Reached XP level 2. HP: 15/15 MP: 3/3
   882 | D:1      | Learned a level 1 spell: Magic Dart
  1243 | D:2      | Reached XP level 3. HP: 18/18 MP: 4/4
  1250 | D:2      | Noticed Natasha
  1285 | D:2      | Killed Natasha
  1286 | D:2      | Reached skill level 7 in Stealth
  1399 | D:2      | Noticed Natasha
  1416 | D:2      | Killed Natasha
  1417 | D:2      | Reached XP level 4. HP: 11/23 MP: 2/6
  1631 | D:2      | Noticed Natasha
  1640 | D:2      | Killed Natasha
  1641 | D:2      | Reached skill level 1 in Spellcasting
  1762 | D:2      | Found an ancient bone altar of Kikubaaqudgha.
  2314 | D:3      | Reached XP level 5. HP: 18/26 MP: 7/7
  2566 | D:3      | Noticed an ogre
  2569 | D:3      | Noticed Grinder
  2572 | D:3      | Killed an ogre
  2573 | D:3      | Reached skill level 8 in Stealth
  2576 | D:3      | Killed Grinder
  2577 | D:3      | Reached skill level 1 in Conjurations
  2577 | D:3      | Reached XP level 6. HP: 32/32 MP: 7/10
  2860 | D:3      | Learned a level 2 spell: Searing Ray
  3019 | D:4      | Reached skill level 9 in Stealth
  3446 | D:4      | Reached XP level 7. HP: 30/35 MP: 11/11
  5263 | D:5      | Entered Level 5 of the Dungeon
  5402 | D:5      | HP: 1/36 [quokka (3)]
  5406 | D:5      | Killed from afar by an orc wizard

Illustrated notes

Levels and vault maps discovered:
D:1:      scummos_arrival_gate, layout_loops_cross,
          shapermc_ecumenical_altar_venn
D:2:      layout_basic, basic_altar, uniq_natasha
D:3:      layout_loops_cross, kennysheep_donut, uniq_grinder
D:4:      layout_cave_pods, minmay_circle_x
D:5:      layout_loops_ring, minmay_temple_entry_steel_oval,
          cheibrodos_sewer_entry_drain

Skill      XL: |  1  2  3  4  5  6  7 |
---------------+----------------------+-----
Stealth        | 6 7 8 9 |  9.9
Dodging        | 2 3 4 |  4.8
Fighting       | 2 3 |  3.0
Spellcasting   | 1 2 3 |  3.4
Short Blades   | 3 |  3.7
Conjurations   | 1 |  1.8
Throwing       | 3 |  3.1
Staves         | |  0.1
Shields        | |  0.3

Action                   |  1- 3 |  4- 6 |  7- 9 || total
-------------------------+-------+-------+-------++-------
Melee: Dagger            |    50 |    84 |   113 ||   247
       Staff             |       |       |    27 ||    27
       Punch             |       |       |     1 ||     1
Throw: Dart              |    32 |    19 |    18 ||    69
       Stone             |     2 |       |       ||     2
 Cast: Magic Dart        |     2 |     7 |    15 ||    24
       Searing Ray       |       |       |    10 ||    10
  Use: Scroll            |       |     8 |     2 ||    10
 Stab: Sleeping          |    12 |    12 |     3 ||    27
       Distracted        |       |     2 |       ||     2
Armor: Robe              |     5 |     5 |    19 ||    29
Dodge: Dodged            |    25 |    68 |   133 ||   226
Block: Other             |       |     1 |    32 ||    33
